 Dungeon Crawl Stone Soup version 0.31-a0-1424-g2add1c7226 (webtiles) character file.

Game seed: 4864529035910171694

12 Aldia the Trooper (level 2, -3/31 HPs)
             Began as an Oni Warper on Dec 27, 2023.
             Slain by Terence
             ... wielding a +0 mace
              (9 damage)
             ... on level 2 of the Dungeon.
             The game lasted 00:00:34 (981 turns).

Aldia the Trooper (Oni Warper)                       Turns: 981, Time: 00:00:35

Health: -3/31      AC:  2    Str: 14    XL:     2   Next: 33%
Magic:  5/5        EV: 10    Int: 14    God:
Gold:   51         SH:  0    Dex: 10    Spells: 6/6 levels left

rFire   . . .        a - +0 mace
rCold   . . .        (no shield)
rNeg    . . .        b - +0 robe
rPois   .            (helmet restricted)
rElec   .            (no cloak)
rCorr   .            (gloves unavailable)
SInv    .            (boots unavailable)
Will    .....        (no amulet)
Stlth   ++           (no ring)
HPRegen 0.25/turn    (no ring)
MPRegen 0.09/turn

%: no passive effects
@: no status effects
A: large, unfitting armour, horns 1, tough skin 1, double potion healing,
drunken brawling, thin skeletal structure 1, deformed body
a: no special abilities


You were on level 2 of the Dungeon.
You visited 1 branch of the dungeon, and saw 2 of its levels.

You collected 51 gold pieces.

Inventory:

Hand Weapons
 a - a +0 mace (weapon)
Missiles
 d - 7 darts of dispersal (quivered)
 f - 6 poisoned darts
Armour
 b - a +0 robe (worn)
Jewellery
 i - an amulet of faith
Scrolls
 c - 2 scrolls of blinking
 g - a scroll of teleportation {unknown}
 h - a scroll of enchant armour {unknown}


   Skills:
 + Level 3.0 Fighting
 * Level 2.4 Maces & Flails
 - Level 1.0 Throwing
 - Level 2.1 Dodging
 - Level 2.5 Spellcasting
 + Level 2.8 Translocations


You had 6 spell levels left.
You didn't know any spells.
Your spell library contained the following spells:

 Spells                   Type           Power      Damage    Failure   Level
 Blink                    Tloc           18%        N/A       11%         2
 Lesser Beckoning         Tloc           18%        N/A       11%         2
 Teleport Other           Tloc           9%         N/A       21%         3
 Call Imp                 Summ           2%         N/A       34%         2
 Sublimation of Blood     Necr           1%         N/A       34%         2
 Manifold Assault         Tloc           9%         N/A       56%         4
 Vhi's Electric Charge    Tloc/Air       10%        N/A       77%         4
 Summon Hydra             Summ           0%         N/A       100%        7


Dungeon Overview and Level Annotations

Branches:
Dungeon (2/15)

Altars:

Annotations:
D:2 Terence


Innate Abilities, Weirdness & Mutations

You are too large for most types of armour.
You have a pair of small horns on your head.
You have tough skin. (AC +1)
You gain doubled healing and magic from potions.
Whenever you drink a healing potion, you attack all around you.
You have a somewhat thin skeletal structure. (Dex +2, Stealth+)
Armour fits poorly on your strangely shaped body.


Message History

Things that are here:
a +0 short sword; a kobold corpse As you open the door, it creaks loudly!
Things that are here:
a +0 short sword; a kobold corpse
There is an open door here.
There is an open door here.
i - an amulet of faith As you open the door, it creaks loudly!
There is an open door here.
You open the door.
There is an open door here.
You see here a +0 club.
Done exploring.
Done exploring.
Done exploring.
Done exploring.
Done exploring.
There is a stone staircase leading down here.
You climb downwards.
Terence shouts!
The kobold shouts!
There is a stone staircase leading up here.
Terence says, "Rest in peace."
Terence hits you with a +0 mace.
You closely miss Terence. Terence hits you with a +0 mace!
You hit Terence but do no damage. Terence misses you.
You closely miss Terence. Terence hits you with a +0 mace!
You are too injured to fight recklessly!
You are too injured to fight recklessly!
You are too injured to fight recklessly!
You are too injured to fight recklessly!
It was a potion of mutation.
You feel extremely strange.
Your body twists and deforms.
Your bones become slightly less dense.
Terence hits you with a +0 mace.
* * * LOW HITPOINT WARNING * * *
You hit Terence. You headbutt Terence.
Terence is moderately wounded.
Terence hits you with a +0 mace!
You die...
Terence says, "Rest in peace."

#.###
###...
.....
#....
...##
.K. #@#
#@#
#.###.##
#.<....#
#####..#
.#


You could see Terence and a kobold.

Vanquished Creatures
  A dart slug (D:1)
  An endoplasm (D:1)
  A quokka (D:1)
  A ball python (D:1)
  A frilled lizard (D:1)
  A goblin (D:1)
  4 kobolds (D:1)
  A rat (D:1)
11 creatures vanquished.

Notes
Turn   | Place    | Note
-------+----------+-------------------------------------------
     0 | D:1      | Aldia the Oni Warper began the quest for the Orb.
     0 | D:1      | Reached XP level 1. HP: 22/22 MP: 3/3
   612 | D:1      | Reached XP level 2. HP: 25/29 MP: 5/5
   617 | D:1      | Reached skill level 3 in Fighting
   974 | D:2      | Noticed Terence
   980 | D:2      | Gained mutation: Armour fits poorly on your strangely
                  | shaped body. [potion of mutation]
   980 | D:2      | Gained mutation: You have a somewhat thin skeletal
                  | structure. (Dex +2, Stealth+) [potion of mutation]
   981 | D:2      | Slain by Terence

Illustrated notes

Levels and vault maps discovered:
D:1:      nzn_arrival_crosshair, layout_basic
D:2:      kennysheep_the_goblin_king, layout_loops_ring, serial_shops,
          nicolae_shop_hallway_plus, minivault_14, uniq_terence, uniq_sigmund,
          uniq_jessica

Skill      XL: |  1  2 |
---------------+-------+-----
Fighting       | 3 |  3.0
Maces & Flails | |  2.4
Throwing       | |  1.0
Dodging        | |  2.1
Spellcasting   | |  2.5
Translocations | |  2.8

Action                     || total
---------------------------++-------
  Melee: Mace              ||    34
         Headbutt          ||     5
    Use: Potion            ||     1
 Armour: Robe              ||    23
  Dodge: Dodged            ||    17

Table legend: (Time is in decaauts)
 A = Elapsed time spent in this place.
 B = Non-inter-level travel time spent in this place.
 C = Inter-level travel time spent in this place.
 D = Time resting spent in this place.
 E = Time spent auto-exploring this place.
 F = Levels seen in this place.
 G = Mean time per level.
                   A        B        C        D        E       F      G
               +--------+--------+--------+--------+--------+-----+--------+
         Total |    990 |    941 |     49 |      0 |    849 |   2 |  495.0 |
       Dungeon |    990 |    941 |     49 |      0 |    849 |   2 |  495.0 |
               +--------+--------+--------+--------+--------+-----+--------+

Top non-repeatable levels by time:
     D:1: 982 daAuts
     D:2: 7 daAuts
